| TOP OF THE 1ST |
|
Toledo Mud Hens batting - Pitching for Columbus Jets : RHP Sven Lamberts
|
|
Pitching: RHP Sven Lamberts
|
|
|
Batting: RHB Nick Capra
|
0-0: Ball 1-0: Foul Ball, location: 2F 1-1: Foul Ball, location: 2F 1-2: Ball 2-2: Foul Ball, location: 2F 2-2: Ball 3-2: Strikes out swinging
|
|
Batting: RHB Don Lyle
|
0-0: TRIPLE (Flyball, 8RXD, EV 94.4 MPH)
|
|
Batting: SHB Ken Henderson
|
0-0: Called Strike 0-1: Ball 1-1: Ball 2-1: Called Strike 2-2: Ground out 3-1 (Groundball, 34, EV 92.5 MPH) Don Lyle scores
|
|
Batting: LHB Jerry Tabb
|
0-0: Fly out, F2 (Popup, 25F, EV 88.1 MPH)
|
| Top of the 1st over - 1 run, 1 hit, 0 errors, 0 left on base; Toledo 1 - Columbus 0 |
| BOTTOM OF THE 1ST |
|
Columbus Jets batting - Pitching for Toledo Mud Hens : RHP William Bellomo
|
|
Pitching: RHP William Bellomo
|
|
|
Batting: LHB Craig Brooks
|
0-0: Foul Ball, location: 2F 0-1: Called Strike 0-2: Ball 1-2: DOUBLE (Line Drive, 9LS, EV 106.3 MPH)
|
|
Batting: RHB Greg Schultz
|
0-0: Ball 1-0: Foul Ball, location: 2F 1-1: Ball 2-1: SINGLE (Flyball, 5D, EV 81.9 MPH) Craig Brooks to third
|
|
Batting: RHB Danny Tartabull
|
0-0: Ball 1-0: Ball 2-0: SINGLE (Line Drive, 7S, EV 101.9 MPH) Craig Brooks scores Greg Schultz to second
|
|
Batting: LHB Larry Sheets
|
0-0: Fly out, F9 (Flyball, 89D, EV 86.9 MPH) Runner from 2nd tags up, SAFE at 3rd, no throw by RF
|
|
Batting: RHB Jim Maler
|
0-0: Called Strike 0-1: Ball Danny Tartabull steals 2nd base 1-1: SINGLE (Groundball, 56D, EV 101.3 MPH) Greg Schultz scores Danny Tartabull to third Runner from 3rd tries for Home, SAFE, throw by LF to home Jim Maler to second
|
|
Batting: RHB Michael Ventress
|
0-0: Ball 1-0: Ground out 5-3 (Groundball, 56S, EV 78.1 MPH)
|
|
Batting: RHB Glenn Goya
|
0-0: Ball 1-0: Called Strike 1-1: Foul Ball, location: 2F 1-2: Ball 2-2: Ball 3-2: Foul Ball, location: 2F 3-2: Base on Balls
|
|
Batting: RHB Ray Smith
|
0-0: Ground out 4-3 (Groundball, 4, EV 103.1 MPH)
|
| Bottom of the 1st over - 3 runs, 4 hits, 0 errors, 2 left on base; Toledo 1 - Columbus 3 |
| TOP OF THE 2ND |
|
Toledo Mud Hens batting - Pitching for Columbus Jets : RHP Sven Lamberts
|
|
Batting: LHB Randy S Johnson
|
0-0: Ball 1-0: Ball 2-0: Ball 3-0: Base on Balls
|
|
Batting: LHB Ron Diggle
|
0-0: Ball 1-0: Ground out 6-3 (Groundball, 6M, EV 86.3 MPH) Randy S Johnson to second
|
|
Batting: LHB Rich Coggins
|
0-0: Called Strike 0-1: Fly out, F8 (Flyball, 8RS, EV 84.4 MPH)
|
|
Batting: RHB Larry Patterson
|
0-0: Ball 1-0: Called Strike 1-1: Ball 2-1: Swinging Strike 2-2: Strikes out swinging
|
| Top of the 2nd over - 0 runs, 0 hits, 0 errors, 1 left on base; Toledo 1 - Columbus 3 |
| BOTTOM OF THE 2ND |
|
Columbus Jets batting - Pitching for Toledo Mud Hens : RHP William Bellomo
|
|
Batting: RHB Jackie Gutierrez
|
0-0: Ground out 5-3 (Groundball, 56S, EV 91.3 MPH)
|
|
Batting: LHB Craig Brooks
|
0-0: Ground out 4-3 (Groundball, 4M, EV 85.0 MPH)
|
|
Batting: RHB Greg Schultz
|
0-0: Ball 1-0: Ball 2-0: SINGLE (Flyball, 8LS, EV 93.8 MPH)
|
|
Batting: RHB Danny Tartabull
|
0-0: Ball 1-0: Ball 2-0: Ball 3-0: Base on Balls Greg Schultz to second
|
|
Batting: LHB Larry Sheets
|
0-0: Fly out, F8 (Flyball, 8LM, EV 89.4 MPH)
|
| Bottom of the 2nd over - 0 runs, 1 hit, 0 errors, 2 left on base; Toledo 1 - Columbus 3 |
| TOP OF THE 3RD |
|
Toledo Mud Hens batting - Pitching for Columbus Jets : RHP Sven Lamberts
|
|
Batting: LHB George LaCoe
|
0-0: Called Strike 0-1: Called Strike 0-2: Ball 1-2: Fly out, F7 (Line Drive, 7, EV 90.0 MPH)
|
|
Batting: RHB Nick Capra
|
0-0: Ball 1-0: Swinging Strike 1-1: DOUBLE (Groundball, 3L, EV 106.9 MPH)
|
|
Batting: RHB Don Lyle
|
0-0: Ball 1-0: Called Strike 1-1: Ground out 4-3 (Groundball, 4, EV 85.0 MPH) Nick Capra to third
|
|
Batting: SHB Ken Henderson
|
Balk! Nick Capra scores 0-0: Foul Ball, location: 2F 0-1: Ball 1-1: Ball 2-1: Foul Ball, location: 2F 2-2: Ball 3-2: Ground out 4-3 (Groundball, 4, EV 77.5 MPH)
|
| Top of the 3rd over - 1 run, 1 hit, 0 errors, 0 left on base; Toledo 2 - Columbus 3 |
| BOTTOM OF THE 3RD |
|
Columbus Jets batting - Pitching for Toledo Mud Hens : RHP William Bellomo
|
|
Batting: RHB Jim Maler
|
0-0: Fly out, F7 (Flyball, 78D, EV 105.0 MPH)
|
|
Batting: RHB Michael Ventress
|
0-0: Ball 1-0: Ground out 5-3 (Groundball, 56, EV 82.5 MPH)
|
|
Batting: RHB Glenn Goya
|
0-0: Ball 1-0: Swinging Strike 1-1: Foul Ball, location: 2F 1-2: Ground out 5-3 (Groundball, 56, EV 88.1 MPH)
|
| Bottom of the 3rd over - 0 runs, 0 hits, 0 errors, 0 left on base; Toledo 2 - Columbus 3 |
| TOP OF THE 4TH |
|
Toledo Mud Hens batting - Pitching for Columbus Jets : RHP Sven Lamberts
|
|
Batting: LHB Jerry Tabb
|
0-0: Ball 1-0: Ball 2-0: SINGLE (Groundball, 34D, EV 104.4 MPH)
|
|
Batting: LHB Randy S Johnson
|
0-0: Ball 1-0: Ball 2-0: Called Strike 2-1: Ball 3-1: Base on Balls Jerry Tabb to second
|
|
Batting: LHB Ron Diggle
|
0-0: Swinging Strike 0-1: 3-RUN HOME RUN (Flyball, 9LD, EV 93.1 MPH), Distance : 354 ft
|
|
Pitching: RHP Jose Alonso
|
|
|
Batting: LHB Rich Coggins
|
0-0: Called Strike 0-1: Ball 1-1: Ball 2-1: Ball 3-1: Base on Balls
|
|
Batting: RHB Larry Patterson
|
0-0: Called Strike 0-1: SINGLE (Groundball, 56D, EV 103.1 MPH) Rich Coggins to second
|
|
Batting: LHB George LaCoe
|
0-0: Ball 1-0: Called Strike 1-1: Fly out, F8 (Flyball, 8RS, EV 83.1 MPH)
|
|
Batting: RHB Nick Capra
|
0-0: DOUBLE (Groundball, 5L, EV 104.4 MPH) Rich Coggins scores Larry Patterson to third
|
|
Batting: RHB Don Lyle
|
0-0: Ball 1-0: Foul Ball, location: 2F 1-1: Ball 2-1: Foul Ball, location: 2F 2-2: Ground out 6-3 (Groundball, 6S, EV 71.3 MPH)
|
|
Batting: SHB Ken Henderson
|
0-0: Called Strike 0-1: Ball 1-1: Fly out, F7 (Flyball, 7S, EV 96.3 MPH)
|
| Top of the 4th over - 4 runs, 4 hits, 0 errors, 2 left on base; Toledo 6 - Columbus 3 |
| BOTTOM OF THE 4TH |
|
Columbus Jets batting - Pitching for Toledo Mud Hens : RHP William Bellomo
|
|
Batting: RHB Ray Smith
|
0-0: Foul Ball, location: 2F 0-1: Ball 1-1: SINGLE (Groundball, P, EV 80.0 MPH) (infield hit)
|
|
Batting: RHB Jackie Gutierrez
|
0-0: Ball 1-0: Fly out, F8 (Flyball, 8LD, EV 98.8 MPH)
|
|
Batting: LHB Craig Brooks
|
0-0: Ball 1-0: Ball 2-0: Foul Ball, location: 2F 2-1: Swinging Strike 2-2: Foul Ball, location: 2F 2-2: Foul Ball, location: 2F 2-2: Foul Ball, location: 2F 2-2: Ball 3-2: Base on Balls Ray Smith to second
|
|
Batting: RHB Greg Schultz
|
0-0: Foul Ball, location: 2F 0-1: Ball 1-1: SINGLE (Line Drive, 56D, EV 98.8 MPH) Ray Smith to third Craig Brooks to second Runner from 3rd tries for Home, SAFE, throw by LF to home
|
|
Batting: RHB Danny Tartabull
|
0-0: Called Strike 0-1: Ball 1-1: Ball 2-1: Fielders Choice at 2nd, 6-4 (Groundball, 6M, EV 101.9 MPH) Craig Brooks to third
|
|
Batting: LHB Larry Sheets
|
0-0: Ball 1-0: Ball 2-0: Called Strike 2-1: Ball 3-1: Called Strike 3-2: SINGLE (Line Drive, 9S, EV 102.5 MPH) Craig Brooks scores Danny Tartabull to second Danny Tartabull to third
|
|
Batting: RHB Jim Maler
|
0-0: Called Strike 0-1: Fly out, F3 (Popup, 3S, EV 80.0 MPH)
|
| Bottom of the 4th over - 2 runs, 3 hits, 0 errors, 2 left on base; Toledo 6 - Columbus 5 |
| TOP OF THE 5TH |
|
Toledo Mud Hens batting - Pitching for Columbus Jets : RHP Jose Alonso
|
|
Batting: LHB Jerry Tabb
|
0-0: Foul Ball, location: 2F 0-1: Fly out, F4 (Popup, 34S, EV 79.4 MPH)
|
|
Batting: LHB Randy S Johnson
|
0-0: Swinging Strike 0-1: Ground out U3 (Groundball, 3, EV 108.8 MPH)
|
|
Batting: LHB Ron Diggle
|
0-0: Ball 1-0: Foul Ball, location: 2F 1-1: Ball 2-1: Ball 3-1: Base on Balls
|
|
Batting: LHB Rich Coggins
|
0-0: Ball 1-0: Foul Ball, location: 2F 1-1: Foul Ball, location: 2F 1-2: Ground out 1-3 (Groundball, 13S, EV 60.6 MPH)
|
| Top of the 5th over - 0 runs, 0 hits, 0 errors, 1 left on base; Toledo 6 - Columbus 5 |
| BOTTOM OF THE 5TH |
|
Columbus Jets batting - Pitching for Toledo Mud Hens : RHP William Bellomo
|
|
Batting: RHB Michael Ventress
|
0-0: Ball 1-0: Called Strike 1-1: Fly out, F7 (Line Drive, 7, EV 93.8 MPH)
|
|
Batting: RHB Glenn Goya
|
0-0: Ball 1-0: TRIPLE (Flyball, 78XD, EV 108.1 MPH)
|
|
Pitching: RHP Kenneth Noble
|
|
|
Batting: RHB Ray Smith
|
0-0: Ball 1-0: Called Strike 1-1: SINGLE (Groundball, 4MD, EV 98.1 MPH) Glenn Goya scores
|
|
Batting: RHB Jackie Gutierrez
|
0-0: Ball 1-0: Fielders Choice at 2nd, 6-4 (Groundball, 56, EV 100.0 MPH)
|
|
Batting: LHB Craig Brooks
|
0-0: Ball 1-0: Ground out 1-3 (Groundball, 34S, EV 68.1 MPH)
|
| Bottom of the 5th over - 1 run, 2 hits, 0 errors, 1 left on base; Toledo 6 - Columbus 6 |
| TOP OF THE 6TH |
|
Toledo Mud Hens batting - Pitching for Columbus Jets : RHP Jose Alonso
|
|
Batting: RHB Larry Patterson
|
0-0: Ball 1-0: Ball 2-0: Ground out 5-3 (Groundball, 5, EV 81.9 MPH)
|
|
Batting: LHB George LaCoe
|
0-0: Ball 1-0: Ground out U3 (Groundball, 3, EV 91.9 MPH)
|
|
Batting: RHB Nick Capra
|
0-0: Called Strike 0-1: Ball 1-1: Ball 2-1: Ground out 2-3 (Groundball, 2L, EV 73.1 MPH)
|
| Top of the 6th over - 0 runs, 0 hits, 0 errors, 0 left on base; Toledo 6 - Columbus 6 |
| BOTTOM OF THE 6TH |
|
Columbus Jets batting - Pitching for Toledo Mud Hens : RHP Kenneth Noble
|
|
Batting: RHB Greg Schultz
|
0-0: Ball 1-0: Foul Ball, location: 2F 1-1: Ball 2-1: Called Strike 2-2: Ground out 6-3 (Groundball, 6, EV 101.9 MPH)
|
|
Batting: RHB Danny Tartabull
|
0-0: Ball 1-0: Ball 2-0: Ground out 5-3 (Groundball, 56S, EV 83.1 MPH)
|
|
Batting: LHB Larry Sheets
|
0-0: Ball 1-0: Ball 2-0: Ball 3-0: Called Strike 3-1: Foul Ball, location: 2F 3-2: Foul Ball, location: 2F 3-2: Base on Balls
|
|
Batting: RHB Jim Maler
|
0-0: Called Strike 0-1: Fielders Choice at 2nd, 5-4 (Groundball, 56, EV 106.3 MPH)
|
| Bottom of the 6th over - 0 runs, 0 hits, 0 errors, 1 left on base; Toledo 6 - Columbus 6 |
| TOP OF THE 7TH |
|
Toledo Mud Hens batting - Pitching for Columbus Jets : RHP Jose Alonso
|
|
Batting: RHB Don Lyle
|
0-0: Ball 1-0: Called Strike 1-1: Fly out, F3 (Popup, 34, EV 75.6 MPH)
|
|
Batting: SHB Ken Henderson
|
0-0: Foul Ball, location: 2F 0-1: Foul Ball, location: 2F 0-2: Ball 1-2: Ball 2-2: Ball 3-2: SOLO HOME RUN (Flyball, 7LD, EV 101.3 MPH), Distance : 368 ft
|
|
Batting: LHB Jerry Tabb
|
0-0: Called Strike 0-1: Ground out 4-3 (Groundball, 4M, EV 100.6 MPH)
|
|
Batting: LHB Randy S Johnson
|
0-0: Ball 1-0: Ground out 2-3 (Groundball, 13S, EV 65.6 MPH)
|
| Top of the 7th over - 1 run, 1 hit, 0 errors, 0 left on base; Toledo 7 - Columbus 6 |
| BOTTOM OF THE 7TH |
|
Columbus Jets batting - Pitching for Toledo Mud Hens : RHP Kenneth Noble
|
|
Batting: RHB Michael Ventress
|
0-0: Ball 1-0: Ball 2-0: DOUBLE (Flyball, 7LD, EV 106.3 MPH)
|
|
Batting: RHB Glenn Goya
|
0-0: Ball 1-0: Called Strike 1-1: Ball 2-1: Fly out, F4 (Popup, 34, EV 61.9 MPH)
|
|
Batting: RHB Ray Smith
|
0-0: Ball 1-0: Ground out 4-3 (Groundball, 4MS, EV 62.5 MPH) Michael Ventress to third
|
|
Pinch Hitting: SHB Gary Pellant
|
0-0: Called Strike 0-1: Foul Ball, location: 2F 0-2: Ball 1-2: Strikes out swinging
|
| Bottom of the 7th over - 0 runs, 1 hit, 0 errors, 1 left on base; Toledo 7 - Columbus 6 |
| TOP OF THE 8TH |
|
Toledo Mud Hens batting - Pitching for Columbus Jets : RHP Jose Alonso
|
|
Now at 2B: Gary Pellant
|
|
|
Batting: LHB Ron Diggle
|
0-0: Ball 1-0: Fly out, F7 (Line Drive, 7, EV 91.3 MPH)
|
|
Batting: LHB Rich Coggins
|
0-0: Called Strike 0-1: Ball 1-1: Swinging Strike 1-2: Ball 2-2: DOUBLE (Line Drive, 78D, EV 102.5 MPH)
|
|
Pitching: RHP Chuck Crim
|
|
|
Batting: RHB Larry Patterson
|
0-0: Ball 1-0: Swinging Strike 1-1: Called Strike 1-2: Ball 2-2: SINGLE (Groundball, 4MD, EV 111.3 MPH) Rich Coggins to third Runner from 3rd tries for Home, SAFE, throw by CF to home
|
|
Batting: LHB George LaCoe
|
0-0: Fly out, F8 (Flyball, 8LXD, EV 105.6 MPH)
|
|
Batting: RHB Nick Capra
|
0-0: Ball 1-0: Reached on error, E3 (Groundball, 3, EV 107.5 MPH) Larry Patterson to second
|
|
Batting: RHB Don Lyle
|
0-0: Foul Ball, location: 2F 0-1: Foul Ball, location: 2F 0-2: Ball 1-2: Strikes out swinging
|
| Top of the 8th over - 1 run, 2 hits, 1 error, 2 left on base; Toledo 8 - Columbus 6 |
| BOTTOM OF THE 8TH |
|
Columbus Jets batting - Pitching for Toledo Mud Hens : RHP Kenneth Noble
|
|
Batting: LHB Craig Brooks
|
0-0: Called Strike 0-1: Ball 1-1: Called Strike 1-2: Strikes out looking
|
|
Batting: RHB Greg Schultz
|
0-0: Called Strike 0-1: Ball 1-1: Ball 2-1: Foul Ball, location: 2F 2-2: Foul Ball, location: 2F 2-2: Ball 3-2: DOUBLE (Line Drive, 9LS, EV 104.4 MPH)
|
|
Batting: RHB Danny Tartabull
|
0-0: Swinging Strike 0-1: Called Strike 0-2: Ball Wild Pitch! Greg Schultz to third 1-2: Ball 2-2: Fly out, F4 (Flyball, 34D, EV 88.8 MPH)
|
|
Batting: LHB Larry Sheets
|
0-0: Ball 1-0: SINGLE (Groundball, 4MD, EV 100.0 MPH) Greg Schultz scores
|
|
Pitching: RHP Dan Quisenberry
|
|
|
Batting: RHB Jim Maler
|
0-0: Foul Ball, location: 2F 0-1: Ball 1-1: Foul Ball, location: 2F 1-2: Ball 2-2: Foul Ball, location: 2F 2-2: Fly out, F9 (Flyball, 9LD, EV 90.6 MPH)
|
| Bottom of the 8th over - 1 run, 2 hits, 0 errors, 1 left on base; Toledo 8 - Columbus 7 |
| TOP OF THE 9TH |
|
Toledo Mud Hens batting - Pitching for Columbus Jets : RHP Chuck Crim
|
|
Pitching: RHP Owen Foley
|
|
|
Batting: SHB Ken Henderson
|
0-0: Foul Ball, location: 2F 0-1: Ground out 1-3 (Groundball, 13S, EV 71.3 MPH)
|
|
Batting: LHB Jerry Tabb
|
0-0: Ball 1-0: Foul Ball, location: 2F 1-1: Called Strike 1-2: Fly out, F5 (Flyball, 5D, EV 93.1 MPH)
|
|
Batting: LHB Randy S Johnson
|
0-0: Called Strike 0-1: Called Strike 0-2: Ball 1-2: Strikes out swinging
|
| Top of the 9th over - 0 runs, 0 hits, 0 errors, 0 left on base; Toledo 8 - Columbus 7 |
| BOTTOM OF THE 9TH |
|
Columbus Jets batting - Pitching for Toledo Mud Hens : RHP Dan Quisenberry
|
|
Pitching: RHP Phillip McCollough
|
|
|
Batting: RHB Michael Ventress
|
0-0: Called Strike 0-1: Fly out, F9 (Line Drive, 9, EV 88.8 MPH)
|
|
Batting: RHB Glenn Goya
|
0-0: Ball 1-0: Ball 2-0: Fly out, F9 (Flyball, 9LD, EV 88.8 MPH)
|
|
Batting: RHB Ray Smith
|
0-0: Ball 1-0: Foul Ball, location: 2F 1-1: SINGLE (Line Drive, 7LM, EV 104.4 MPH)
|
|
Batting: SHB Gary Pellant
|
0-0: Ball 1-0: Foul Ball, location: 2F 1-1: Ball 2-1: Swinging Strike 2-2: Foul Ball, location: 2F 2-2: Foul Ball, location: 2F 2-2: Strikes out swinging
|
| Bottom of the 9th over - 0 runs, 1 hit, 0 errors, 1 left on base; Toledo 8 - Columbus 7 |
|